 Dungeon Crawl Stone Soup version 0.30.1-9-gdf580d7c3d (webtiles) character file.

Game seed: 1863048459518674427

1764382 LordWeiramon the Merry Demigod (level 25, 257/257 HPs)
             Began as a Demigod Hunter on Oct 17, 2023.
             Escaped with the Orb
             ... and 3 runes!
             The game lasted 04:27:46 (62590 turns).

LordWeiramon the Merry Demigod (Demigod Hunter)    Turns: 62590, Time: 04:27:46

Health: 257/257    AC: 19    Str: 18    XL:     25   Next: 32%
Magic:  18/18      EV: 56    Int: 18    God:
Gold:   6972       SH:  5    Dex: 49    Spells: 24/24 levels left

rFire   + + +        a - +27 heavy crossbow "Sniper" {heavy, Acc+∞ SInv}
rCold   + + +        (shield currently unavailable)
rNeg    + . .        c - +3 leather armour {rF+}
rPois   +            p - +2 helmet
rElec   +            b - +2 cloak {rPois}
rCorr   .            h - +0 pair of gloves "Riwabrem" {rElec Str+3}
SInv    +            I - +0 pair of boots of a ziggurat {rF+ rC+}
Will    +++..        e - amulet "Nareh" {Reflect Fragile rElec Will+ Int+3 SH+5}
Stlth   +            w - ring "Sepn" {rC+ rN+ MP-9 Int+2 SInv}
HPRegen 0.62/turn    t - ring "Uzasucorr" {rF+ rC+ EV+5 Str+3 Int+2}
MPRegen 0.16/turn

%: reflection
@: studying Maces & Flails
A: high MP 1, forlorn, divine attributes, see invisible, sense surroundings 1
0: Orb of Zot
}: 3/15 runes: decaying, serpentine, silver
a: no special abilities


You escaped.
You visited 9 branches of the dungeon, and saw 47 of its levels.
You also visited: Trove, Ossuary, Volcano and Desolation.

You collected 13059 gold pieces.
You spent 6087 gold pieces at shops.

Inventory:

Hand Weapons
 a - the +27 heavy crossbow "Sniper" (weapon) {heavy, Acc+∞ SInv}
   (You found it on level 3 of the Elven Halls)

   Acc+∞: It never misses its target.
   SInv:      It lets you see invisible.
Armour
 b - a +2 cloak of poison resistance (worn)
 c - a +3 leather armour of fire resistance (worn)
 h - the +0 pair of gloves "Riwabrem" (worn) {rElec Str+3}
   (You bought it in a shop on level 2 of the Orcish Mines)

   Str:       It affects your strength (+3).
   rElec:     It insulates you from electricity.
 i - the -2 hat of the Alchemist {rElec rPois rF+ rC+ rN+ Will+ rMut rCorr}
   (You found it on level 3 of the Realm of Zot)

   rF:        It protects you from fire.
   rC:        It protects you from cold.
   rElec:     It insulates you from electricity.
   rPois:     It protects you from poison.
   rN:        It protects you from negative energy.
   rCorr:     It protects you from acid and corrosion.
   rMut:      It protects you from mutation.
   Will:      It increases your willpower.
 p - a +2 helmet (worn)
 H - the +4 dragonskin cloak
   (You took it off Tiamat on level 2 of the Realm of Zot)

   Avatar's Aegis: It grants the wearer a chance to resist fire, cold, poison,
   electricity, acid, and negative energy.
 I - the +0 pair of boots of a ziggurat (worn) {rF+ rC+}
   (You acquired it on level 4 of the Snake Pit)

   rF:        It protects you from fire.
   rC:        It protects you from cold.
 V - a +2 cloak of preservation
Jewellery
 e - the amulet "Nareh" (around neck) {Reflect Fragile rElec Will+ Int+3 SH+5}
   (You bought it in a shop on level 8 of the Dungeon)

   [amulet of reflection]

   It reflects blocked missile attacks.
   Int:       It affects your intelligence (+3).
   rElec:     It insulates you from electricity.
   Fragile:   It will be destroyed if unequipped.
   SH:        It affects your SH (+5).
   Will:      It increases your willpower.
 o - the ring "Jeureoko" {rPois rCorr Str-2 Int+3}
   (You found it in the Desolation of Salt)

   [ring of poison resistance]

   Str:       It affects your strength (-2).
   Int:       It affects your intelligence (+3).
   rPois:     It protects you from poison.
   rCorr:     It protects you from acid and corrosion.
 s - the ring "Kymank" {rF+ rN+ Slay+3 SInv}
   (You found it in the Desolation of Salt)

   [ring of positive energy]

   Slay:      It affects your accuracy & damage with ranged weapons and melee
   (+3).
   rF:        It protects you from fire.
   rN:        It protects you from negative energy.
   SInv:      It lets you see invisible.
 t - the ring "Uzasucorr" (right hand) {rF+ rC+ EV+5 Str+3 Int+2}
   (You bought it in a shop on level 8 of the Dungeon)

   [ring of evasion]

   EV:        It affects your evasion (+5).
   Str:       It affects your strength (+3).
   Int:       It affects your intelligence (+2).
   rF:        It protects you from fire.
   rC:        It protects you from cold.
 w - the ring "Sepn" (left hand) {rC+ rN+ MP-9 Int+2 SInv}
   (You found it on level 5 of the Lair of Beasts)

   [ring of positive energy]

   Int:       It affects your intelligence (+2).
   rC:        It protects you from cold.
   rN:        It protects you from negative energy.
   MP:        It affects your magic capacity (-9).
   SInv:      It lets you see invisible.
 y - a ring of flight
 E - the ring of Gaubyfeng {Wiz Int+3 Dex+4}
   (You took it off a tengu reaver on level 5 of the Vaults)

   [ring of wizardry]

   It improves your spell success rate.
   Int:       It affects your intelligence (+3).
   Dex:       It affects your dexterity (+4).
Wands
 n - a wand of digging (13)
 A - a wand of charming (78)
 F - a wand of flame (131)
 K - a wand of polymorph (30)
 O - a wand of acid (40)
 U - a wand of roots (73)
 W - a wand of mindburst (44)
Scrolls
 d - 7 scrolls of fog
 j - 12 scrolls of enchant armour
 k - 27 scrolls of teleportation
 m - 8 scrolls of summoning
 u - 4 scrolls of silence
 B - 16 scrolls of fear
 C - 8 scrolls of poison
 D - 5 scrolls of magic mapping
 J - 4 scrolls of blinking
Potions
 f - 14 potions of might
 g - 18 potions of flight
 l - 10 potions of brilliance
 q - 5 potions of berserk rage
 r - 16 potions of heal wounds
 v - 4 potions of invisibility
 z - 29 potions of curing
 G - 8 potions of magic
 L - 4 potions of cancellation
 M - 10 potions of ambrosia
 N - 12 potions of mutation
 T - 4 potions of resistance
 X - 13 potions of haste
Miscellaneous
 R - a phantom mirror
 S - a phial of floods
 Z - a condenser vane


   Skills:
 O Level 27 Fighting
 O Level 27 Ranged Weapons
 - Level 17.0 Armour
 + Level 21.2 Dodging
 - Level 0.8 Stealth
 - Level 5.0 Evocations


You had 24 spell levels left.
You didn't know any spells.
Your spell library contained the following spells:

 Spells                   Type           Power      Damage    Failure   Level
 Apportation              Tloc           0%         N/A       24%         1
 Foxfire                  Conj/Fire      0%         2x1d4     24%         1
 Freeze                   Ice            0%         1d3       24%         1
 Kiss of Death            Conj/Necr      0%         2d5       24%         1
 Magic Dart               Conj           0%         1d3       24%         1
 Necrotise                Necr           0%         1d4       24%         1
 Sting                    Tmut/Pois      0%         1d3       24%         1
 Summon Small Mammal      Summ           0%         N/A       24%         1
 Call Imp                 Summ           0%         N/A       36%         2
 Cigotuvi's Dreadful Rot  Necr/Pois/Air  0%         N/A       36%         2
 Ensorcelled Hibernation  Hex/Ice        0%         N/A       36%         2
 Lesser Beckoning         Tloc           0%         N/A       36%         2
 Passwall                 Tmut/Erth      0%         N/A       36%         2
 Poisonous Vapours        Pois/Air       0%         N/A       36%         2
 Searing Ray              Conj           0%         2d4       36%         2
 Static Discharge         Conj/Air       0%         2-2/arc   36%         2
 Sublimation of Blood     Necr           0%         N/A       36%         2
 Wereblood                Tmut           0%         N/A       36%         2
 Call Canine Familiar     Summ           0%         N/A       58%         3
 Confusing Touch          Hex            0%         N/A       58%         3
 Frozen Ramparts          Ice            0%         1d1       58%         3
 Gell's Gravitas          Tloc           0%         N/A       58%         3
 Hailstorm                Conj/Ice       0%         3d3       58%         3
 Ignite Poison            Fire/Tmut/Pois 0%         N/A       58%         3
 Mephitic Cloud           Conj/Pois/Air  0%         N/A       58%         3
 Ozocubu's Armour         Ice            0%         N/A       58%         3
 Portal Projectile        Hex/Tloc       0%         N/A       58%         3
 Spider Form              Tmut/Pois      0%         N/A       58%         3
 Stone Arrow              Conj/Erth      0%         3d7       58%         3
 Summon Guardian Golem    Hex/Summ       0%         N/A       58%         3
 Teleport Other           Tloc           0%         N/A       58%         3
 Tukima's Dance           Hex            0%         N/A       58%         3
 Vhi's Electric Charge    Tloc/Air       0%         N/A       58%         3
 Airstrike                Air            0%         2d(0-16)  94%         4
 Anguish                  Hex/Necr       0%         N/A       94%         4
 Animate Armour           Summ/Erth      0%         N/A       94%         4
 Dispel Undead            Necr           0%         3d6       94%         4
 Fulminant Prism          Conj/Hex       0%         3d5       94%         4
 Ice Form                 Ice/Tmut       0%         N/A       94%         4
 Leda's Liquefaction      Hex/Erth       0%         N/A       94%         4
 Olgreb's Toxic Radiance  Pois           0%         N/A       94%         4
 Passage of Golubria      Tloc           0%         N/A       94%         4
 Petrify                  Tmut/Erth      0%         N/A       94%         4
 Summon Lightning Spire   Summ/Air       0%         N/A       94%         4
 Alistair's Intoxication  Tmut/Pois      0%         N/A       100%        5
 Arcjolt                  Conj/Air       0%         1d10      100%        5
 Blade Hands              Tmut           0%         N/A       100%        5
 Fireball                 Conj/Fire      0%         3d3       100%        5
 Freezing Cloud           Conj/Ice/Air   0%         6-21      100%        5
 Irradiate                Conj/Tmut      0%         3d11      100%        5
 Iskenderun's Battlesphe  Conj           0%         2d6       100%        5
 Metabolic Englaciation   Hex/Ice        0%         N/A       100%        5
 Summon Forest            Summ/Tloc      0%         N/A       100%        5
 Summon Mana Viper        Hex/Summ       0%         N/A       100%        5
 Yara's Violent Unravell  Hex/Tmut       0%         3d3       100%        5
 Conjure Ball Lightning   Conj/Air       0%         3x3d6     100%        6
 Death Channel            Necr           0%         N/A       100%        6
 Dispersal                Tloc           0%         N/A       100%        6
 Eringya's Noxious Bog    Tmut/Pois      0%         N/A       100%        6
 Plasma Beam              Fire/Air       0%         2x1d11    100%        6
 Simulacrum               Ice/Necr       0%         N/A       100%        6
 Starburst                Conj/Fire      0%         6d3       100%        6
 Statue Form              Tmut/Erth      0%         N/A       100%        6
 Summon Cactus Giant      Summ           0%         N/A       100%        6
 Dragon Form              Tmut           0%         N/A       100%        7
 Haunt                    Necr/Summ      0%         N/A       100%        7
 Malign Gateway           Summ/Tloc      0%         N/A       100%        7
 Orb of Destruction       Conj           0%         9d5       100%        7
 Ozocubu's Refrigeration  Ice            0%         4d7       100%        7
 Spellforged Servitor     Conj/Summ      0%         N/A       100%        7
 Summon Hydra             Summ           0%         N/A       100%        7
 Discord                  Hex            0%         N/A       100%        8
 Disjunction              Tloc           0%         N/A       100%        8
 Ignition                 Fire           0%         3d3       100%        8
 Lehudib's Crystal Spear  Conj/Erth      0%         10d2      100%        8
 Maxwell's Capacitive Co  Air            0%         ∞         100%        8
 Summon Horrible Things   Summ           0%         N/A       100%        8


Dungeon Overview and Level Annotations

Branches:
Dungeon (15/15)            Temple (0/1) D:5            Lair (5/5) D:9
  Swamp (4/4) Lair:2        Snake (4/4) Lair:2        Slime (0/5) Lair:4
    Orc (2/2) D:9             Elf (3/3) Orc:2        Vaults (5/5) D:14
  Crypt (0/3) Vaults:2     Depths (4/4) D:15            Zot (5/5) Depths:4
Ossuary (visited)         Volcano (visited)         Desolation (visited)

Shops:
D:4 :   D:8 =**=!*   D:9 !   D:12 [   Orc:2 ![*((   Elf:3 !   Snake:3 *
Snake:4 ?*   Vaults:1 (   Vaults:3 *   Depths:2 ::=   Depths:3 *

Portals:
Hell: Depths:1 Depths:2 Depths:3 Depths:4
Abyss: Depths:1 Depths:3
Pandemonium: Depths:2
Ziggurat: Depths:2


Innate Abilities, Weirdness & Mutations

You have an increased reservoir of magic. (+10% MP)
You shall have no god before yourself.
Your divine heritage dramatically boosts your attributes as you level up.
You have supernaturally acute eyesight. (SInv)
You passively map a small area around you.


Message History

The ice devil is moderately wounded.
You shoot a bolt. The bolt hits the ice devil!!!!
You kill the ice devil!
Goask gestures.
You shoot a bolt. The bolt hits the rust devil!!!!
You kill the rust devil!
You shoot a bolt. The bolt hits Goask!!!!
Goask is almost dead.
Goask gestures.
Goask gestures at you. The bolt of cold misses you.
Goask gestures.
Fire: a) +27 heavy crossbow "Sniper" {heavy, Acc+∞ SInv}
Press: ? - help, Q - select action, (/) - cycle Shift-Dir - straight line, f/p - Goask
Aim: Goask (severely wounded, 100% to hit)
You shoot a bolt. The bolt hits Goask but does no damage.
Goask is severely wounded.
Goask gestures at you. The bolt of cold misses you.
The Executioner gestures.
The Executioner seems to speed up.
Fire: a) +27 heavy crossbow "Sniper" {heavy, Acc+∞ SInv}
Press: ? - help, Q - select action, (/) - cycle Shift-Dir - straight line, f/p - Goask
Aim: Goask (severely wounded, 100% to hit)
You shoot a bolt. The bolt hits Goask!!!
You kill Goask!
The Executioner disappears in a puff of smoke!
The Brimstone Fiend disappears in a puff of smoke!
(D) Dungeon (T) Temple (L) Lair (S) Swamp (P) Snake Pit (M) Slime Pits (O) Orcish Mines (E) Elven Halls (V) Vaults (C) Crypt (U) Depths (H) Hell (Z) Zot
Where to? (Enter - D:1 @ (x,y), ? - help)
There is an escape hatch in the ceiling here.
A mysterious force pulls you upwards. The hatch slams shut behind you.
There is a stone staircase leading up here.
You climb upwards.
There is a stone staircase leading down here.
There is an open door here.
There is a staircase leading out of the dungeon here.
You have escaped!

#.# #.....+...
#.###############.....#...
#.........................
#########'#####.##########
#.........#.#
#.......).#.# #
#..⌠...⌠..#.# ### ###
######.........#.# ##~#
..# ##....'....@....'.#
##PP♣ #.##
#..####.........### #P~~P
#..# #.## #..⌠...⌠..#
#~~~P ##.###.# #.........#
♣♣~P~ #...#.# #.........#
#♣~~~~ ###...#
#####'###########~~~~P
#..## #.#..........~P≈≈~
##.# #...########~~≈~~~
#.###### ###.#...# ♣PP≈≈~~


There were no monsters in sight!

Vanquished Creatures
  5 orbs of fire
  Tiamat (Zot:2)
  3 ancient liches (Zot:5)
  2 dread liches (Zot:5)
  A pandemonium lord (D:3)
  9 Killer Klowns
  Boris (twice) (Vaults:3 Depths:3)
  Margery (Vaults:2)
  Saint Roka (Vaults:5)
  Nikola (Elf:2)
  9 golden dragons
  Jory (Vaults:4)
  A bone dragon (Depths:4)
  The ghost of laqueoix the Executioner, an adept HOFi of Gozag (Elf:3)
  the Enchantress (Depths:4)
  6 electric golems
  A Tzitzimitl (Depths:3)
  Jorgrun (D:12)
  17 tentacled monstrosities
  27 Orb Guardians
  A walking crystal tome (Depths:3)
  5 liches
  A walking earthen tome (Depths:3)
  4 titans
  20 quicksilver dragons
  A deep elf master archer (Elf:3)
  4 sphinxes
  8 death cobs
  The ghost of laqueoix the Shatterer, an adept MiFi of Gozag (Snake:1)
  20 storm dragons
  2 thorn hunters
  17 shadow dragons
  6 tengu reavers
  Donald (Vaults:3)
  4 draconian monks
  17 fire giants
  11 frost giants
  2 fenstrider witches
  A balrug (D:8)
  A nagaraja (Snake:4)
  2 imperial myrmidons (Desolation)
  12 draconian knights
  5 iron dragons
  9 vault wardens
  5 draconian scorchers
  2 orc warlords
  6 deep elf sorcerers
  2 ghost moths
  5 draconian shifters
  7 ghouls
  7 deep elf elementalists (Elf:3)
  16 ironbound preservers
  10 draconian stormcallers
  12 spriggan defenders
  A reaper (Depths:1)
  17 stone giants
  12 draconian annihilators
  3 ironbound thunderhulks
  17 very ugly things
  12 green draconians
  The ghost of Dillybarz the Severer, a journeyman MiFi of Okawaru (Lair:3)
  7 deep elf demonologists
  12 black draconians
  4 vampire knights
  7 deep elf annihilators
  4 eleionomae
  9 yellow draconians
  2 bunyips
  A halazid warlock (Desolation)
  31 purple draconians
  7 spark wasps
  The ghost of laqueoix the Severer, a journeyman MiFi of Qazlal (Lair:2)
  13 dire elephants
  14 red draconians
  18 ettins
  7 white draconians
  A green death (D:7)
  A merfolk javelineer (Depths:4)
  9 deep elf death magi
  3 crystal guardians
  4 deep elf high priests
  2 shambling mangroves (Swamp:1)
  9 ragged hierophants (Desolation)
  A merfolk impaler (Depths:4)
  Josephine (Orc:2)
  8 yaktaur captains
  14 fire dragons
  Erolcha (D:11)
  9 servants of whispers (Desolation)
  7 great orbs of eyes
  32 vault guards
  An entropy weaver (Vaults:2)
  13 ice dragons
  Fannar (D:12)
  7 rakshasas
  21 hydras
  7 ironbound frosthearts
  5 salamander tyrants (Snake:4)
  5 spriggan air magi
  3 ogre magi
  4 ghost crabs
  13 peacekeepers
  12 centaur warriors
  16 anacondas
  A radroach (shapeshifter) (Vaults:5)
  A boulder beetle (D:14)
  2 deep troll shamans (Depths:1)
  A death yak (shapeshifter) (Depths:4)
  10 alligators
  11 two-headed ogres
  27 dancing weapons
  An anaconda (shapeshifter) (Vaults:5)
  Urug (D:12)
  9 orc high priests
  6 tengu warriors
  9 naga warriors
  5 deep troll earth magi
  6 spriggan berserkers
  10 shock serpents
  3 naga sharpshooters
  8 hell knights
  4 sun demons
  4 salamander mystics
  25 deep elf knights
  A shadow wraith (Vaults:5)
  2 death drakes (shapeshifter)
  A skyshark (Lair:2)
  A sea snake (Snake:1)
  A goliath frog (shapeshifter) (Depths:4)
  45 deep trolls
  3 goliath frogs
  An orange crystal statue (Swamp:1)
  3 glowing orange brains
  16 ironbound convokers
  8 spriggan druids
  11 deep elf archers
  13 bog bodies
  13 swamp dragons
  4 naga ritualists
  13 harpies
  5 phantasmal warriors
  8 wizards
  5 lindwurms
  A flayed ghost (Depths:3)
  9 mana vipers
  A harpy (shapeshifter) (Vaults:5)
  39 ugly things
  29 deep elf zephyrmancers
  A wolf spider (D:15)
  7 necromancers
  7 orc knights
  36 deep elf pyromancers
  An oklob plant (Lair:5)
  4 manticores
  8 cyclopes
  10 orc sorcerers
  4 will-o-the-wisps
  A cyclops (shapeshifter) (Elf:3)
  20 salamanders
  26 moths of wrath
  A rust devil (D:3)
  14 naga magi
  24 elephants
  2 molten gargoyles (Desolation)
  A gargoyle (D:12)
  12 guardian serpents
  2 smoke demons (Depths:1)
  18 vault sentinels
  35 black mambas
  5 torpor snails (Lair:5)
  An orange demon (D:12)
  An unseen horror (shapeshifter) (Zot:2)
  4 rime drakes
  9 cane toads
  A freezing wraith (D:14)
  4 kobold demonologists
  6 komodo dragons
  An unseen horror (D:12)
  20 yaktaurs
  An efreet (D:15)
  An ice devil (D:3)
  9 trolls
  11 polar bears
  A meliai (D:15)
  9 tyrant leeches
  2 bloated husks
  A tyrant leech (shapeshifter) (D:15)
  80 saltlings (Desolation)
  23 hornets
  A raiju (shapeshifter) (D:15)
  25 blink frogs
  11 dream sheep
  A raiju (Lair:5)
  38 slime creatures
  A culicivora (shapeshifter) (D:14)
  17 spriggans
  7 water elementals (Depths:4)
  A centaur simulacrum (D:14)
  Sigmund (D:3)
  6 air elementals
  2 wyverns
  A ynoxinul (D:8)
  An ettin skeleton (Vaults:1)
  4 wraiths
  2 shadows
  A vampire (D:11)
  23 yaks
  A hog (shapeshifter) (D:15)
  2 fire bats (Volcano)
  A steam dragon (Lair:1)
  3 basilisks
  2 fire elementals (Elf:1)
  A yaktaur simulacrum (Vaults:1)
  6 vampire mosquitoes
  9 wargs
  Menkaure (D:4)
  43 nagas
  A swamp worm (shapeshifter) (Depths:3)
  3 acid dragons
  14 swamp worms
  9 water moccasins
  16 hell hounds
  8 swamp drakes
  12 black bears
  A sky beast (D:7)
  32 orc warriors
  2 ice beasts
  11 ogres
  18 wolves
  A boggart (D:15)
  15 centaurs
  A phantom (D:6)
  3 kobold brigands
  14 bullfrogs
  2 gnoll sergeants
  3 necrophages
  2 earth elementals
  A scorpion (D:7)
  A human simulacrum (Vaults:1)
  9 wights (D:7)
  13 killer bees
  2 electric eels
  4 howler monkeys
  3 lava snakes (Snake:4)
  2 hounds (D:5)
  Crazy Yiuf (D:4)
  32 orc priests
  7 jellies
  3 iguanas
  27 orc wizards
  7 hell rats
  8 mummies (Ossuary)
  12 gnolls
  4 adders
  2 shadow imps (D:5)
  5 white imps
  2 ufetubi (D:6)
  A worm (D:4)
  2 dart slugs
  76 orcs
  3 bats
  13 endoplasms
  A giant cockroach (D:3)
  A gnoll zombie (Ossuary)
  8 hobgoblins
  3 jackals (D:2)
  11 kobolds
  3 quokkas
  6 ball pythons
  2 frilled lizards (D:1)
  5 goblins
  3 hobgoblin zombies (Ossuary)
  A kobold zombie (Ossuary)
  3 orc zombies (Ossuary)
  5 rats
  2 butterflies (D:9)
2203 creatures vanquished.

Vanquished Creatures (collateral kills)
  A kobold demonologist (D:13)
  A kobold brigand (D:13)
  A kobold (D:13)
3 creatures vanquished.

Vanquished Creatures (others)
  A naga warrior (Snake:1)
  A deep elf knight (D:15)
  2 deep elf zephyrmancers (Elf:2)
  9 foxfires
13 creatures vanquished.

Grand Total: 2219 creatures vanquished

Notes
Turn   | Place    | Note
-------+----------+-------------------------------------------
     0 | D:1      | LordWeiramon the Demigod Hunter began the quest for the
                  | Orb.
     0 | D:1      | Reached XP level 1. HP: 17/17 MP: 3/3
  1018 | D:2      | Reached XP level 2. HP: 24/24 MP: 4/4
  1710 | D:3      | Reached XP level 3. HP: 29/29 MP: 5/5
  1862 | D:3      | Noticed Sigmund
  2010 | D:3      | Reached skill level 5 in Ranged Weapons
  2253 | D:4      | Noticed Menkaure
  2299 | D:4      | Identified the +7 lajatang "Nogonot" {flame, Dex+2 Stlth+}
  2400 | D:4      | Noticed an ogre
  2740 | D:4      | Reached XP level 4. HP: 31/36 MP: 6/6
  2903 | D:4      | Found a runed translucent door.
  2904 | D:4      | Noticed Crazy Yiuf
  2957 | D:4      | Found Murebush's Book Emporium.
  3139 | D:5      | Entered Level 5 of the Dungeon
  3230 | D:5      | Found a staircase to the Ecumenical Temple.
  3245 | D:5      | Noticed an ogre
  3277 | D:5      | Reached XP level 5. HP: 38/41 MP: 7/7
  3456 | D:5      | Killed an ogre
  3552 | D:5      | Reached XP level 6. HP: 48/48 MP: 8/8
  4018 | D:6      | Found a sand-covered staircase.
  4027 | Ossuary  | Entered an ossuary
  4589 | D:4      | Reached XP level 7. HP: 53/53 MP: 9/9
  4738 | D:3      | Killed Sigmund
  5540 | D:6      | Reached XP level 8. HP: 60/60 MP: 10/10
  5623 | D:7      | Noticed a hornet
  5837 | D:7      | Reached skill level 10 in Ranged Weapons
  6920 | D:7      | Reached skill level 5 in Fighting
  6960 | D:7      | Noticed a spectral centipede
  6960 | D:7      | Noticed a spectral black mamba
  7456 | D:7      | Reached XP level 9. HP: 70/74 MP: 11/11
  7665 | D:7      | Reached skill level 5 in Dodging
  7789 | D:8      | Found Xivof's Distillery.
  7789 | D:8      | Found Courul's Assorted Antiques.
  8062 | D:8      | Found Ismuewn's One-of-a-Kind Rings.
  8756 | D:8      | Found Luimpiur's General Store.
  9108 | D:8      | Found Pisytof's Assorted Antiques.
  9109 | D:8      | Found Hetaut's Jewellery Shoppe.
  9120 | D:8      | Bought a fuming orange potion for 24 gold pieces
  9386 | D:9      | Found a transporter.
  9411 | D:9      | Found a transporter.
  9824 | D:9      | Found Wusinu's Distillery.
  9947 | D:9      | Found a staircase to the Orcish Mines.
 10045 | D:9      | Found a staircase to the Lair.
 10395 | D:10     | Entered Level 10 of the Dungeon
 10414 | D:10     | Noticed a kobold demonologist
 10517 | D:8      | Bought the ring "Uzasucorr" {rF+ rC+ EV+5 Str+3 Int+2} for
                  | 742 gold pieces
 10811 | D:9      | Reached XP level 10. HP: 55/81 MP: 13/13
 11397 | D:10     | Noticed a rust devil
 11989 | D:4      | Killed Menkaure
 12060 | D:4      | Killed Crazy Yiuf
 12405 | D:11     | Noticed Erolcha
 12454 | D:11     | You fall into a shaft and drop 3 floors!
 12462 | D:14     | Noticed a cyclops
 12543 | D:14     | Killed a cyclops
 12910 | D:14     | Noticed a cyclops
 12921 | D:14     | Killed a cyclops
 13117 | D:13     | Noticed a cyclops
 13164 | D:13     | Killed a cyclops
 13330 | D:13     | Noticed a centaur warrior
 13331 | D:13     | Noticed a two-headed ogre
 13348 | D:13     | Killed a centaur warrior
 13367 | D:13     | Killed a two-headed ogre
 13368 | D:13     | Reached skill level 15 in Ranged Weapons
 13368 | D:13     | Reached XP level 11. HP: 53/86 MP: 14/14
 13847 | D:13     | Noticed a centaur warrior
 13865 | D:13     | Killed a centaur warrior
 14871 | D:12     | Noticed a two-headed ogre
 15014 | D:12     | Noticed Urug
 15273 | D:12     | Noticed Fannar
 15669 | D:12     | Reached skill level 5 in Armour
 15800 | D:12     | Found Joge's Armour Boutique.
 16008 | D:12     | Noticed a fire dragon
 16054 | D:12     | Killed a fire dragon
 16234 | D:12     | Noticed Jorgrun
 17233 | Lair:1   | Entered Level 1 of the Lair of Beasts
 17290 | Lair:1   | Reached XP level 12. HP: 94/94 MP: 15/15
 18227 | Lair:2   | Found a dark tunnel.
 18244 | Volcano  | Entered a volcano
 18353 | Volcano  | Reached skill level 10 in Dodging
 18566 | Lair:2   | Found a staircase to the Swamp.
 18734 | Lair:2   | Found a staircase to the Snake Pit.
 19212 | Lair:3   | Noticed a seven-headed hydra
 19220 | Lair:3   | Killed a seven-headed hydra
 19848 | Lair:3   | Found a runed translucent gate.
 19849 | Lair:3   | Found a runed translucent gate.
 19849 | Lair:3   | Found a runed translucent gate.
 19851 | Lair:3   | Noticed a great orb of eyes
 19851 | Lair:3   | Noticed laqueoix's ghost (journeyman MiFi)
 20252 | Lair:4   | Noticed a seven-headed hydra
 20337 | Lair:4   | Killed a seven-headed hydra
 20357 | Lair:4   | Found a runed translucent gate.
 20357 | Lair:4   | Found a runed translucent gate.
 20357 | Lair:4   | Found a runed translucent gate.
 20358 | Lair:4   | Noticed a ten-headed hydra
 20358 | Lair:4   | Noticed an 11-headed hydra
 20359 | Lair:4   | Noticed Dillybarz's ghost (journeyman MiFi)
 20450 | Lair:4   | Noticed a six-headed hydra
 20454 | Lair:4   | Killed a six-headed hydra
 20547 | Lair:4   | Reached XP level 13. HP: 100/100 MP: 16/16
 20634 | Lair:4   | Found a staircase to the Slime Pits.
 21128 | Lair:5   | Entered Level 5 of the Lair of Beasts
 21470 | Lair:5   | Identified the +10 arbalest of Pride {drain, Fragile rPois
                  | Will+}
 21483 | Lair:5   | Identified the ring "Sepn" {rC+ rN+ MP-9 Int+2 SInv}
 22111 | Lair:5   | Reached skill level 10 in Armour
 22296 | Lair:5   | Found a runed translucent door.
 22382 | Lair:5   | Noticed a dire elephant
 22387 | Lair:5   | Killed a dire elephant
 22501 | Lair:5   | Reached XP level 14. HP: 111/111 MP: 17/17
 22643 | Lair:5   | Identified the +2 leather armour of Mequwk {SInv}
 22891 | Lair:5   | Paralysed by a hornet for 1 turns
 23401 | D:8      | Bought the amulet "Nareh" {Reflect Fragile rElec Will+
                  | Int+3 SH+5} for 754 gold pieces
 23476 | D:11     | Killed Erolcha
 23573 | D:12     | Killed Urug
 23782 | D:12     | Killed Jorgrun
 23908 | D:12     | Killed Fannar
 23945 | D:14     | Reached skill level 10 in Fighting
 24640 | D:14     | Found a gate to the Vaults.
 24729 | D:15     | Entered Level 15 of the Dungeon
 24970 | D:15     | Found a portal to a secret trove of treasure.
 25406 | D:15     | Found a staircase to the Depths.
 25741 | D:15     | Reached XP level 15. HP: 75/126 MP: 18/18
 25999 | D:15     | Identified the +10 plate armour "Dashin" {Rampage Fly
                  | Int-2}
 26027 | D:15     | Identified the +6 short sword "Hydrabane" {flame, rF-
                  | Dex+7}
 26675 | Lair:2   | Killed laqueoix's ghost
 26840 | Lair:3   | Killed Dillybarz's ghost
 27107 | Lair:4   | Identified the +1 scimitar of Dithmenos, Screaming {drain,
                  | rC++ Int+5}
 27276 | Orc:1    | Entered Level 1 of the Orcish Mines
 27467 | Orc:2    | Entered Level 2 of the Orcish Mines
 27467 | Orc:2    | Found a staircase to the Elven Halls.
 27472 | Orc:2    | Noticed Josephine
 27679 | Orc:2    | Killed Josephine
 28377 | Orc:2    | Found Pufye's Weapon Boutique.
 28636 | Orc:2    | Reached skill level 15 in Dodging
 28646 | Orc:2    | Found Geug's Weapon Shop.
 28646 | Orc:2    | Found Dosal's Distillery.
 28647 | Orc:2    | Found Foogom's Assorted Antiques.
 28647 | Orc:2    | Found Vosypn's Antique Armour Emporium.
 28693 | Orc:2    | Bought a pair of heavily runed gloves for 237 gold pieces
 28693 | Orc:2    | Identified the +0 pair of gloves "Riwabrem" {rElec Str+3}
                  | (You bought it in a shop on level 2 of the Orcish Mines)
 28706 | Orc:2    | Bought a potion of heal wounds for 80 gold pieces
 28706 | Orc:2    | Bought a potion of curing for 48 gold pieces
 28706 | Orc:2    | Bought a potion of mutation for 128 gold pieces
 28967 | D:9      | Bought a potion of heal wounds for 75 gold pieces
 28967 | D:9      | Bought a potion of curing for 45 gold pieces
 28967 | D:9      | Bought a potion of resistance for 150 gold pieces
 28967 | D:9      | Bought a potion of heal wounds for 75 gold pieces
 28967 | D:9      | Bought a potion of curing for 45 gold pieces
 28967 | D:9      | Bought a potion of flight for 45 gold pieces
 28967 | D:9      | Bought a potion of ambrosia for 120 gold pieces
 28999 | D:8      | Bought a potion of ambrosia for 120 gold pieces
 28999 | D:8      | Bought a potion of heal wounds for 75 gold pieces
 28999 | D:8      | Bought a scroll of fear for 60 gold pieces
 29014 | D:8      | Bought 2 potions of cancellation for 176 gold pieces
 29014 | D:8      | Bought 2 potions of mutation for 176 gold pieces
 29014 | D:8      | Bought 2 potions of flight for 66 gold pieces
 29161 | Swamp:1  | Entered Level 1 of the Swamp
 29438 | Swamp:1  | Found a transporter.
 29439 | Swamp:1  | Noticed a tentacled monstrosity
 29441 | Swamp:1  | Noticed a thorn hunter
 29454 | Swamp:1  | Found a transporter.
 29455 | Swamp:1  | Noticed a tentacled monstrosity
 30339 | Swamp:3  | Reached XP level 16. HP: 111/141 MP: 19/19
 31049 | Swamp:4  | Entered Level 4 of the Swamp
 31355 | Swamp:4  | Got a decaying rune of Zot
 31552 | Swamp:4  | Reached skill level 15 in Fighting
 32367 | Snake:1  | Entered Level 1 of the Snake Pit
 32870 | Snake:1  | Found a runed translucent gate.
 32870 | Snake:1  | Found a runed translucent gate.
 32870 | Snake:1  | Found a runed translucent gate.
 33260 | Snake:2  | Found a runed translucent door.
 33261 | Snake:2  | Noticed laqueoix's ghost (adept MiFi)
 33447 | Snake:2  | You fall into a shaft and drop 1 floor!
 33550 | Snake:3  | Reached skill level 1 in Evocations
 33551 | Snake:3  | Reached XP level 17. HP: 154/156 MP: 20/20
 33665 | Snake:3  | Found Tozagoih's Overcharged Wands.
 34225 | Snake:1  | Killed laqueoix's ghost
 34479 | Snake:4  | Entered Level 4 of the Snake Pit
 34481 | Snake:4  | Found Siak's Neck Hole.
 34494 | Snake:4  | Bought a +1 cloak of preservation for 313 gold pieces
 34531 | Snake:4  | Reached skill level 5 in Evocations
 35210 | Snake:4  | Noticed a quicksilver dragon
 35213 | Snake:4  | Killed a quicksilver dragon
 35213 | Snake:4  | Noticed a quicksilver dragon
 35219 | Snake:4  | Killed a quicksilver dragon
 35286 | Snake:4  | Got a serpentine rune of Zot
 35370 | Snake:4  | Identified a scroll of acquirement
 35403 | Snake:4  | Acquired the +0 pair of boots of a ziggurat {rF+ rC+}
 35551 | Snake:4  | Found Akkeag's Magic Scroll Shop.
 36518 | Elf:1    | Entered Level 1 of the Elven Halls
 36596 | Elf:1    | Paralysed by an air elemental for 1 turns
 36810 | Elf:1    | Reached XP level 18. HP: 144/163 MP: 12/21
 36973 | Elf:1    | Got the Incunabulum of Summoning
 37750 | Elf:2    | Found a huge runed translucent gate.
 37752 | Elf:2    | Found a huge runed translucent gate.
 37757 | Elf:2    | Found a huge runed translucent gate.
 37758 | Elf:2    | Found a huge runed translucent gate.
 37758 | Elf:2    | Found a huge runed translucent gate.
 37793 | Elf:2    | Identified the +6 chain mail of Vexuwos {rF+ Str-2 Dex+9}
 37882 | Elf:2    | Identified the +10 quarterstaff of a treasure trove {flame,
                  | rElec}
 37915 | Elf:2    | Found a runed translucent gate.
 37915 | Elf:2    | Found a runed translucent gate.
 37915 | Elf:2    | Found a runed translucent gate.
 37915 | Elf:2    | Found a runed translucent gate.
 37915 | Elf:2    | Found a runed translucent gate.
 37915 | Elf:2    | Found a runed translucent gate.
 38468 | Swamp:3  | Acquired 742 gold pieces
 38797 | Elf:2    | Noticed Nikola
 38809 | Elf:2    | Killed Nikola
 39310 | Elf:3    | Entered Level 3 of the Elven Halls
 39762 | Elf:3    | Found a large runed translucent door.
 39762 | Elf:3    | Found a large runed translucent door.
 39764 | Elf:3    | Noticed laqueoix's ghost (adept HOFi)
 40169 | Elf:3    | Found Utatieju's Distillery.
 40177 | Elf:3    | Bought a potion of curing for 42 gold pieces
 40177 | Elf:3    | Bought 2 potions of curing for 84 gold pieces
 40177 | Elf:3    | Bought a potion of flight for 42 gold pieces
 40177 | Elf:3    | Bought a potion of curing for 42 gold pieces
 40177 | Elf:3    | Bought a potion of resistance for 140 gold pieces
 40278 | Elf:3    | Identified the +12 battleaxe of Neurosis {protect, rF+
                  | Str+3}
 40412 | Elf:3    | Reached XP level 19. HP: 170/170 MP: 13/22
 40848 | Elf:3    | Identified the +0 chain mail of Patience {Rampage}
 40905 | Elf:3    | Found the +27 heavy crossbow "Sniper" {heavy, Acc+∞ SInv}
 40919 | Elf:3    | Got the Almanac of Venom
 40931 | Elf:3    | Identified the staff of fire "Kaot" {+Blink rF+}
 40933 | Elf:3    | Got the Guide on the Vector
 40941 | Elf:3    | Identified the +5 dagger of Massacring {spect, *Slow rElec
                  | rPois Str-3}
 41452 | Elf:3    | Killed laqueoix's ghost
 41741 | Vaults:1 | Entered Level 1 of the Vaults
 41852 | Vaults:1 | Found a crumbling gateway.
 41861 | Desolati | Entered the Desolation of Salt
 41917 | Desolati | Identified the +1 cloak of a ziggurat {rF+ Dex+2 Slay-4}
 41950 | Desolati | Identified the ring of False Pretenses {Will- AC+4 Int+5}
 42102 | Desolati | Identified the +1 leather armour "Yvuaxt" {rN+ Int+3 Dex+6}
 42282 | Desolati | Identified the ring "Ysuon" {Str+7 Slay+4}
 42541 | Desolati | Identified the amulet "Tautopt" {Regen+ Str+3 Int+2 Stlth+}
 42711 | Desolati | Identified the ring "Jeureoko" {rPois rCorr Str-2 Int+3}
 42715 | Desolati | Identified the ring "Kymank" {rF+ rN+ Slay+3 SInv}
 42762 | Desolati | Got the Writings on Transmogrification
 43039 | Vaults:1 | Found Xiobb's Weapon Emporium.
 44405 | Vaults:2 | Reached XP level 20. HP: 178/178 MP: 15/24
 44626 | Vaults:2 | Found a staircase to the Crypt.
 44746 | Vaults:2 | Noticed Margery
 44752 | Vaults:2 | Killed Margery
 46274 | Vaults:3 | Found Hetymuup's Assorted Antiques.
 46289 | Vaults:3 | Bought a potion of haste for 230 gold pieces
 46289 | Vaults:3 | Bought a scroll of teleportation for 69 gold pieces
 46428 | Vaults:3 | Noticed Boris
 46431 | Vaults:3 | Killed Boris
 46691 | Vaults:3 | Noticed Donald
 46692 | Vaults:3 | Killed Donald
 47653 | Vaults:4 | Noticed Jory
 47656 | Vaults:4 | Killed Jory
 47657 | Vaults:4 | Reached XP level 21. HP: 184/184 MP: 16/25
 48010 | Depths:1 | Entered Level 1 of the Depths
 48058 | Depths:1 | Got the Compendium of Ironbound Summoning
 48180 | Depths:1 | Found a one-way gate to the infinite horrors of the Abyss.
 48351 | Depths:1 | Found a gateway to Hell.
 48738 | D:15     | You paid a toll of 2 scrolls of acquirement to enter a
                  | treasure trove
 48739 | Trove    | Entered a treasure trove
 48760 | Trove    | Identified the +1 shortbow "Joulirr" {speed, rF++ rCorr
                  | Str-4 Dex-4}
 48768 | Trove    | Identified the amulet of Oheme {RegenMP +Blink}
 48772 | Trove    | Identified the +10 short sword "Puatygisk" {flame, rN+
                  | Stlth+}
 48879 | Depths:2 | Identified the +1 leather armour of Nairhef {+Blink Int+2
                  | Dex-3}
 48976 | Depths:2 | Found Kirol's Book Shop.
 48977 | Depths:2 | Found Qaono's Jewellery Emporium.
 48978 | Depths:2 | Found Mayl's Book Shop.
 49009 | Depths:2 | Found a one-way gateway to a ziggurat.
 49400 | Depths:3 | Found Duop's General Store.
 49402 | Depths:2 | Found a one-way gate leading to the halls of Pandemonium.
 49881 | Depths:2 | Noticed a golden dragon
 49882 | Depths:2 | Killed a golden dragon
 50093 | Depths:3 | Bought a scroll of summoning for 180 gold pieces
 50138 | Depths:3 | Reached skill level 27 in Ranged Weapons
 50253 | Depths:3 | Identified the +7 plate armour "Fyvochy" {Contam Str+2
                  | Int+3 Dex+6}
 50489 | Depths:3 | Identified the +3 plate armour of the Six Friars {rCorr
                  | Int+3}
 50493 | Depths:3 | Identified the staff of death "Kiecai" {rN+ Int-3 Dex+5
                  | SInv Stlth+}
 50553 | Depths:3 | Noticed Boris
 50556 | Depths:3 | Killed Boris
 51166 | Depths:4 | Entered Level 4 of the Depths
 51195 | Depths:4 | Reached skill level 15 in Armour
 51195 | Depths:4 | Reached XP level 22. HP: 192/192 MP: 17/26
 51225 | Depths:4 | Noticed the Enchantress
 51231 | Depths:4 | Killed the Enchantress
 51818 | Depths:4 | Found a gate to the Realm of Zot.
 52391 | Vaults:5 | Entered Level 5 of the Vaults
 52519 | Vaults:5 | Noticed Saint Roka
 52523 | Vaults:5 | Killed Saint Roka
 52664 | Vaults:5 | Identified the +7 broad axe "Piutsam" {speed, Dex+5}
 53180 | Vaults:5 | Got a silver rune of Zot
 53360 | Vaults:5 | Identified the +8 dagger "Iwnaiphi" {heavy, Fly rC+ Int+3}
 53368 | Vaults:5 | Identified the staff of cold "Mouviazu" {rElec rF+ rC+
                  | rCorr}
 53744 | Vaults:5 | Identified the ring of Gaubyfeng {Wiz Int+3 Dex+4}
 53746 | Vaults:5 | Reached XP level 23. HP: 211/211 MP: 18/27
 55089 | Zot:1    | Entered Level 1 of the Realm of Zot
 56859 | Zot:2    | Identified the staff of death "Bonegein" {rN+ rCorr}
 57080 | Zot:2    | Found the +4 dragonskin cloak
 57080 | Zot:2    | Noticed Tiamat
 57197 | Zot:2    | Noticed an orb of fire
 57202 | Zot:2    | Killed an orb of fire
 57430 | Zot:2    | Reached XP level 24. HP: 186/233 MP: 18/27
 57482 | Zot:2    | Killed Tiamat
 58174 | D:8      | Bought a scroll of teleportation for 81 gold pieces
 58174 | D:8      | Bought a potion of heal wounds for 135 gold pieces
 58183 | D:8      | Bought a potion of ambrosia for 88 gold pieces
 58292 | Orc:2    | Bought a potion of ambrosia for 128 gold pieces
 58292 | Orc:2    | Bought a potion of ambrosia for 128 gold pieces
 58302 | Orc:2    | Bought a potion of heal wounds for 140 gold pieces
 58302 | Orc:2    | Bought an embroidered scarf for 224 gold pieces
 58535 | Snake:4  | Bought a scroll of acquirement for 780 gold pieces
 58927 | Zot:2    | Acquired 524 gold pieces
 58929 | Zot:2    | Acquired a manual of Fighting
 59028 | Zot:3    | Noticed an orb of fire
 59029 | Zot:3    | Killed an orb of fire
 59622 | Zot:3    | Found the -2 hat of the Alchemist {rElec rPois rF+ rC+ rN+
                  | Will+ rMut rCorr}
 59822 | Zot:4    | Noticed a Killer Klown
 59986 | Zot:4    | Killed a Killer Klown
 60128 | Zot:4    | Identified the staff of conjuration "Rurochon" {Fragile
                  | Str+5 Int+8}
 60132 | Zot:4    | Acquired 540 gold pieces
 61089 | Zot:5    | Entered Level 5 of the Realm of Zot
 61288 | Zot:5    | Identified the +4 buckler "Piheath" {rC++ Str+3 Int+4}
 61490 | Zot:5    | Noticed a dread lich
 61491 | Zot:5    | Killed a dread lich
 61501 | Zot:5    | Noticed an ancient lich
 61503 | Zot:5    | Killed an ancient lich
 61532 | Zot:5    | Noticed an orb of fire
 61533 | Zot:5    | Gained mutation: You are weak. (Str -2) [an orb of fire]
 61534 | Zot:5    | Noticed a Killer Klown
 61535 | Zot:5    | Killed an orb of fire
 61537 | Zot:5    | Killed a Killer Klown
 61603 | Zot:5    | Noticed a Killer Klown
 61604 | Zot:5    | Noticed a dread lich
 61613 | Zot:5    | Killed a Killer Klown
 61617 | Zot:5    | Killed a dread lich
 61619 | Zot:5    | Noticed a Killer Klown
 61620 | Zot:5    | Killed a Killer Klown
 61714 | Zot:5    | Noticed a Killer Klown
 61716 | Zot:5    | Killed a Killer Klown
 61717 | Zot:5    | Reached XP level 25. HP: 255/255 MP: 18/27
 61852 | Zot:5    | Reached skill level 27 in Fighting
 61857 | Zot:5    | Noticed an orb of fire
 61858 | Zot:5    | Noticed an orb of fire
 61860 | Zot:5    | Killed an orb of fire
 61861 | Zot:5    | Gained mutation: You are dopey. (Int -2) [an orb of fire]
 61862 | Zot:5    | Gained mutation: Your body sometimes deteriorates upon
                  | taking damage. [an orb of fire]
 61863 | Zot:5    | Killed an orb of fire
 61873 | Zot:5    | Noticed an ancient lich
 61874 | Zot:5    | Killed an ancient lich
 61951 | Zot:5    | Noticed an ancient lich
 61953 | Zot:5    | Killed an ancient lich
 62110 | Zot:5    | Lost mutation: Your body sometimes deteriorates upon taking
                  | damage. [potion of mutation]
 62110 | Zot:5    | Lost mutation: You are dopey. (Int -2) [potion of mutation]
 62110 | Zot:5    | Lost mutation: You are weak. (Str -2) [potion of mutation]
 62110 | Zot:5    | Gained mutation: You have supernaturally acute eyesight.
                  | (SInv) [potion of mutation]
 62110 | Zot:5    | Gained mutation: You passively map a small area around you.
                  | [potion of mutation]
 62125 | Zot:5    | Got the Orb of Zot
 62538 | D:3      | Noticed Goask the pandemonium lord
 62543 | D:3      | Killed Goask the pandemonium lord
 62590 | D:$      | Escaped with the Orb!

Illustrated notes

Levels and vault maps discovered:
D:1:      mushboom_english_gardens, layout_basic, serial_bayou,
          serial_bayou_shore_b, serial_bayou_ford_a, serial_bayou_shore_a,
          serial_bayou_pond_e, serial_bayou_pond_a
D:2:      layout_loops_ring, ebering_ecumenical_altar_webs, corner_web_ring
D:3:      layout_rooms, cheibriados_altar_1, nicolae_tso_swordbearing_angel,
          kennysheep_potato, uniq_sigmund
D:4:      layout_loops_cross, serial_shops, shop, minivault_1,
          uniq_crazy_yiuf_cottage, uniq_menkaure
D:5:      layout_cave_pools, mainiacjoe_overflow_catwalk, amcnicky_altar_gilded,
          nicolae_uskayaw_murder_on_the_dancefloor,
          minmay_temple_entry_sparse_star, minmay_misc_feat_nine_boxes,
          minmay_fractal_squares_gapless_5
D:6:      layout_loops_cross, mainiacjoe_overflow_24_doors,
          kennysheep_little_box, nicolae_ossuary_entry_ruins
D:7:      layout_loops_cross, nicolae_ru_path_of_blood, fedhas_altar_1,
          pdpol_wu_jian_five_deadly_venoms, nicolae_titane
D:8:      layout_basic, bloody_makhleb, nicolae_shop_national_dungeon_mall,
          nicolae_shop_unique_rings
D:9:      gammafunk_jiyva_shrine, layout_irregular_city,
          mainiacjoe_overflow_small_starburst, lightli_temple_of_fire,
          xom_butterflies, mainiacjoe_overflow_boulevard, lair_entry_dummy,
          orc_0_dummy, serial_shops, shop
D:10:     layout_gridville, marbit_many_paths
D:11:     layout_roguey, uniq_erolcha
D:12:     layout_basic, serial_shops, nicolae_inconvenience_store,
          nrook_mini_vaults, glass_columns_b, uniq_fannar, uniq_jorgrun,
          uniq_urug
D:13:     layout_irregular_city, st_stairs_11, chequers_avenue,
          minmay_misc_feat_enclosed, hellmonk_bongcloud_opening
D:14:     layout_long_grid, david_vaults_5, serial_bayou_shore_b,
          chequers_serial_rivers_room_a
D:15:     hangedman_depths_entry_civil_slaughter, layout_basic,
          grunt_decor_fettered, nicolae_trove_entry_crossroad, minivault_12
Lair:1:   layout_cave_shapes, grunt_megastairs_1
Lair:2:   layout_cellular_growth, swamp_mist_pool, dummy_snake_entry,
          enter_volcano_2
Lair:3:   layout_cave_pods, gammafunk_ghost_ooze, grunt_megastairs_2
Lair:4:   layout_regular_city, nicolae_slime_entry_slimehenge,
          gammafunk_ghost_hydra_chop
Lair:5:   hangedman_lair_caniforms_friends, layout_gridlike, wormcave,
          columned_hall_lemuel
Swamp:1:  gammafunk_sealed_arena, layout_basic_swamp,
          evilmike_swamp_ruin_house_6, st_shrine_of_shade
Swamp:2:  layout_falls_marsh, hangedman_swamp_ruin_hall
Swamp:3:  layout_basic_swamp, nicolae_swamp_ascending_descending
Swamp:4:  swamp_alternative, layout_basic_swamp, nicolae_swamp_soggy_hallways
Snake:1:  layout_concentric_octagons, nicolae_snake_horde_hoard
Snake:2:  layout_misc_corridors, ebering_ghost_inner_flame
Snake:3:  layout_onion_interference, nicolae_shop_overcharged_wands
Snake:4:  hellmonk_snake_rune_quicksilver_temple, layout_basic, serial_shops,
          shop, nrook_loot_triangle, nicolae_shop_sticking_my_neck_out
Orc:1:    layout_diamond_mine, basic_altar
Orc:2:    st_orc_elflike, layout_caves, serial_shops, nicolae_shop_stone,
          uniq_josephine
Elf:1:    nicolae_elf_arrival_no_cutting_in_line, layout_rooms,
          minmay_elf_sorcery
Elf:2:    elven_hall_of_blades_hangedman_alternative
          [nicolae_vaults_blade_armed_guards], layout_rooms, st_stairs_3,
          orc_legates, uniq_nikola
Elf:3:    minmay_elf_hall_dome, layout_geoelf_octagon,
          ebering_ghost_disaster_area, serial_shops, shop
Vaults:1: portal_desolation_entry_nicolae_slug,
          nicolae_vaults_storage_room_water, nicolae_vaults_storage_closets_3,
          v_pattern_4, nicolae_vaults_apartment_1, v_alt_pattern_6,
          nicolae_vaults_network_quincunx
          [nicolae_vaults_network_quincunx_subvault,
          nicolae_vaults_network_quincunx_subvault,
          nicolae_vaults_network_quincunx_subvault,
          nicolae_vaults_network_quincunx_subvault,
          nicolae_vaults_network_quincunx_subvault], nicolae_vaults_apartment_1,
          nicolae_vaults_little_squares_3, nicolae_vaults_trapezoid_2,
          layout_vaults_omnigrid, serial_shops,
          nicolae_shop_bloodbath_and_beyond
Vaults:2: nicolae_vaults_trapezoid_lopsided_1, minmay_crypt_entry_necro_gods,
          v_misc_28, nicolae_vaults_sightless_eye, v_pattern_5,
          vaults_dpeg_hooks, vaults_room_hallway, v_misc_22, v_misc_5,
          nicolae_vaults_more_shelving_2, nicolae_vaults_variable_pillar_hall,
          nicolae_vaults_trapezoid_lopsided_3, layout_vaults_chaotic_city,
          uniq_margery
Vaults:3: nicolae_vaults_network_periphery, v_misc_14,
          nicolae_vaults_tetromino_T_1, nicolae_vaults_apartment_1,
          ontoclasm_vaults_fault, ontoclasm_vaults_bender, v_misc_19,
          ontoclasm_vaults_twist, v_misc_5, grunt_vaults_diagonal,
          hangedman_vaults_pinch, nicolae_vaults_doubleplus_tesselated,
          nicolae_vaults_what_the_h, v_misc_27, nicolae_vaults_library_corner,
          hangedman_vaults_corner_blocks, layout_vaults_omnibox, serial_glass,
          serial_shops, nicolae_shop_waterfront, uniq_donald, uniq_boris
Vaults:4: v_misc_8, nicolae_vaults_network_barrier,
          nicolae_vaults_little_squares_4, nicolae_vaults_trapezoid_lopsided_4,
          hangedman_vaults_restitches, vaults_room_ringed_pool,
          nicolae_vaults_security_offices_5, vaults_dpeg_doors,
          layout_vaults_omnicross, uniq_jory
Vaults:5: serial_shops, uniq_saint_roka
Depths:1: layout_big_octagon, hellmouth_1, abyss_entry_flame_altar, st_stairs_3,
          okawaru_altar_gauntlet_db
Depths:2: cell_vault, layout_gridlike, enter_ziggurat_e, hell_entry, pan_entry,
          minmay_shop_grove
Depths:3: minmay_the_grid_square_5x5_3x3 [minmay_the_grid_square_5x5_gyroscope,
          minmay_the_grid_square_5x5_n_small, minmay_the_grid_square_5x5_plus,
          minmay_the_grid_square_5x5_beaten_path,
          minmay_the_grid_square_5x5_megaprize_crossed,
          minmay_the_grid_square_5x5_minivault,
          minmay_the_grid_square_5x5_lines, minmay_the_grid_square_5x5_tie,
          minmay_the_grid_square_5x5_six], layout_cave_pools, abyss_entry,
          pf_coc_iceberg, serial_shops, nicolae_shop_advertising_works
          [nicolae_subvault_shop_adworks], grunt_dithmenos_smoke,
          infiniplex_staircase_zigzag_2
Depths:4: grunt_zot_entry_bicorn, layout_cave_pools, hell_entry,
          good_gods_temple_1, uniq_enchantress
Zot:1:    layout_gridlike
Zot:2:    hangedman_zot_vaults_quadrants, layout_onion_interference, uniq_tiamat
Zot:3:    layout_twisted_circle, grunt_megastairs_5
Zot:4:    cheibrodos_zot_enchanting_chambers, layout_onion_interference
Zot:5:    layout_gridlike

Skill      XL: |  1  2  3  4  5  6  7  8  9 10 11 12 13 14 15 16 17 18 19 20 21 22 23 24 25 |
---------------+----------------------------------------------------------------------------+-----
Ranged Weapons | 4 5 6 8 9 10 12 15 16 17 18 20 22 25 27 | 27.0
Fighting       | 5 6 10 12 15 18 22 26 27 | 27.0
Dodging        | 4 5 7 10 12 15 16 19 20 21 | 21.2
Armour         | 5 10 11 15 17 | 17.0
Evocations     | 1 5 |  5.0
Stealth        | |  0.8

Action                     |  1- 3 |  4- 6 |  7- 9 | 10-12 | 13-15 | 16-18 | 19-21 | 22-24 | 25-27 || total
---------------------------+-------+-------+-------+-------+-------+-------+-------+-------+-------++-------
   Fire: Shortbow          |   106 |   140 |   457 |   314 |       |       |       |       |       ||  1017
         Longbow           |       |       |       |   437 |   136 |       |       |       |       ||   573
         Arbalest          |       |       |       |       |   979 |  1318 |    94 |       |       ||  2391
         Heavy crossbow    |       |       |       |       |       |       |   793 |   761 |    52 ||  1606
  Throw: Throwing net      |       |       |       |     1 |       |       |       |       |       ||     1
  Evoke: Wand              |       |       |       |     5 |     1 |     1 |       |       |       ||     7
    Use: Scroll            |     3 |     1 |    15 |    10 |     7 |     7 |     3 |    11 |     1 ||    58
         Potion            |       |       |     3 |     5 |       |     3 |     2 |     3 |     1 ||    17
 Armour: Leather armour    |     6 |       |    44 |    45 |    46 |    40 |    51 |    53 |       ||   285
         Skin              |       |       |     3 |       |       |       |       |       |       ||     3
         Fire dragon scale |       |       |       |     9 |       |       |       |       |       ||     9
  Dodge: Dodged            |     8 |     3 |   187 |   448 |   511 |   841 |   997 |   867 |     5 ||  3867
  Block: Other             |       |       |       |       |    60 |   156 |   145 |   104 |     1 ||   466
         Reflection        |       |       |       |       |     4 |    17 |    11 |     1 |       ||    33
